 Dungeon Crawl Stone Soup version 0.25-a0-489-g9ae84a01e3 (webtiles) character file.

Game seed: 4534011051564124798, levelgen mode: deterministic

236 ICC the Changer (level 5, 0/37 HPs)
             Began as a Vampire Transmuter on Feb 11, 2020.
             Slain by a phantom (8 damage)
             ... on level 4 of the Dungeon.
             The game lasted 00:07:57 (2282 turns).

ICC the Changer (Vampire Transmuter)                Turns: 2282, Time: 00:07:57

Health: 0/37       AC:  2    Str: 10    XL:     5   Next: 77%
Magic:  7/8        EV: 12    Int: 16    God:
Gold:   215        SH:  5    Dex: 14    Spells: 0/8 levels left

rFire    . . .     SeeInvis +     - Unarmed
rCold    . . .     Gourm    .   (no shield)
rNeg     . . .     Faith    .   b - +0 robe
rPois    .         Spirit   .   (no helmet)
rElec    .         Reflect  +   (no cloak)
rCorr    .         Harm     .   (no gloves)
MR       .....                  (boots currently unavailable)
Stlth    +.........             e - +5 amulet of reflection
HPRegen  0.32/turn              (no ring)
MPRegen  0.11/turn              (no ring)

@: appendage, regenerating quickly
A: no food, fangs 3, talons 3, see invisible, unbreathing
a: Exsanguinate, End Transformation


You were on level 4 of the Dungeon.
You were alive.
You had grown temporary talons.
You visited 1 branch of the dungeon, and saw 4 of its levels.

You collected 215 gold pieces.

Inventory:

Missiles
 a - 55 arrows
 j - 91 stones
 k - 24 poisoned darts
 o - 3 boomerangs (quivered)
Armour
 b - a +0 robe (worn)
Jewellery
 e - a +5 amulet of reflection (around neck)
Scrolls
 c - a scroll of amnesia {unknown}
 g - 2 scrolls of enchant armour {unknown}
 i - a scroll of fog {unknown}
 q - a scroll of teleportation {unknown}
 s - a scroll of enchant weapon {unknown}
 t - a scroll of identify {unknown}
 v - a scroll of remove curse {unknown}
Potions
 d - 4 potions of heal wounds {unknown}
 f - a potion of degeneration {unknown}
 h - 3 potions of curing {unknown}
 l - 2 potions of flight {unknown}
 m - a potion of resistance {unknown}
 n - a potion of magic {unknown}
 p - 3 potions of cancellation {unknown}
 r - 2 potions of might {unknown}
 u - 2 potions of lignification {unknown}


   Skills:
 - Level 1.0 Fighting
 - Level 2.1 Dodging
 - Level 4.0 Unarmed Combat
 - Level 2.0 Spellcasting
 + Level 6.2 Transmutations


You couldn't memorise any spells.
You knew the following spells:

 Your Spells              Type           Power        Failure   Level  Hunger
a - Beastly Appendage     Tmut           ###...       1%          1    N/A
b - Sticks to Snakes      Tmut           ###.....     2%          2    N/A
c - Blade Hands           Tmut           ###.......   41%         5    N/A

Your spell library contained the following spells:

 Spells                   Type           Power        Failure   Level  Hunger
 Spider Form              Tmut/Pois      ##........   17%         3    N/A
 Animate Skeleton         Necr           N/A          21%         1    N/A
 Apportation              Tloc           #.....       21%         1    N/A
 Corona                   Hex            #......      21%         1    N/A
 Summon Small Mammal      Summ           #...         21%         1    N/A
 Ice Form                 Ice/Tmut       ##......     50%         4    N/A

Dungeon Overview and Level Annotations

Branches:
Dungeon (4/15)
 Temple: D:4-7

Altars:
Ashenzari


Innate Abilities, Weirdness & Mutations

You do not eat.
Your natural rate of healing is unusually fast.
You have razor-sharp teeth.
You have supernaturally acute eyesight. (SInv)
You can survive without breathing.
You have claws for feet.


Message History

Confirm with . or Enter, or press ? or * to list all spells.
Your feet morph into talons.
Throwing (i - inventory. (/) - cycle)
o - 3 boomerangs (quivered)
Press: ? - help, Shift-Dir - straight line, f/p - phantom
Aim: a phantom (heavily damaged)
You throw a boomerang. The boomerang misses the phantom.
You barely miss the phantom. You claw the phantom.
The phantom is severely damaged.
The phantom hits you!
* * * LOW HITPOINT WARNING * * *
You barely miss the phantom.
The phantom is severely damaged.
The phantom blinks!
Throwing (i - inventory. (/) - cycle)
o - 3 boomerangs (quivered)
Press: ? - help, Shift-Dir - straight line, f/p - phantom
Aim: a phantom (severely damaged)
You throw a boomerang.
The boomerang closely misses the phantom.
The phantom hits you!
You die...

...##...........#####
......#.........'...#
...#............#####
...+............#
...#......####.##
...#......# #.#
........#.# #.#
.########.# #.### .#
..# #.W@## .#
#.####.#..# .#
..........# ##
.....###..#
##_#####.##
.....###.# .........#
.......### #######


You could see a phantom.

Vanquished Creatures
  A scorpion (D:4)
  An orc priest (D:4)
  A centaur skeleton (D:3)
  4 adders
  A worm (D:3)
  2 dart slugs
  5 leopard geckos
  11 orcs
  6 bats
  4 giant cockroaches
  5 goblins
  5 hobgoblins
  8 jackals
  7 kobolds
  7 frilled lizards
  A leopard gecko skeleton (D:4)
  2 rats (D:1)
71 creatures vanquished.

Notes
Turn   | Place    | Note
-------+----------+-------------------------------------------
     0 | D:1      | ICC the Vampire Transmuter began the quest for the Orb.
     0 | D:1      | Reached XP level 1. HP: 14/14 MP: 3/3
    35 | D:1      | Reached skill level 1 in Fighting
   138 | D:1      | Reached XP level 2. HP: 21/21 MP: 5/5
   271 | D:1      | Learned a level 2 spell: Sticks to Snakes
   756 | D:2      | Reached skill level 3 in Transmutations
   756 | D:2      | Reached XP level 3. HP: 16/26 MP: 4/6
  1176 | D:3      | Reached skill level 4 in Transmutations
  1178 | D:3      | Reached XP level 4. HP: 32/32 MP: 5/7
  1502 | D:3      | Reached skill level 5 in Transmutations
  1850 | D:4      | Reached XP level 5. HP: 37/37 MP: 8/8
  1879 | D:4      | Learned a level 5 spell: Blade Hands
  1978 | D:4      | Reached skill level 6 in Transmutations
  2221 | D:4      | Found a shattered altar of Ashenzari.
  2242 | D:4      | Noticed a phantom
  2282 | D:4      | Slain by a phantom

Levels and vault maps discovered:
D:1:      saegor_arrival_simple_a, layout_loops_ring
D:2:      layout_rooms, serial_forest, infiniplex_forest_pool,
          infiniplex_forest_lined_corner, infiniplex_forest_lined_corner,
          infiniplex_forest_straight_3, infiniplex_forest_straight_2,
          infiniplex_forest_clump_double, infiniplex_forest_straight_5
D:3:      layout_loops_cross
D:4:      layout_basic, cheibrodos_ashenzari_chains,
          gammafunk_temple_overflow_forgotten, first_ration

Skill      XL: |  1  2  3  4  5 |
---------------+----------------+-----
Fighting       | 1 |  1.0
Unarmed Combat | 4 |  4.0
Transmutations | 3 4 5 6 |  6.2
Dodging        | |  2.1
Spellcasting   | |  2.0

Action                   |  1- 3 |  4- 6 || total
-------------------------+-------+-------++-------
Melee: Unarmed           |    86 |   136 ||   222
       Bite              |     8 |     9 ||    17
       Kick              |     4 |    14 ||    18
       Headbutt          |     2 |     5 ||     7
       Punch             |       |     1 ||     1
Throw: Dart              |     3 |    25 ||    28
       Boomerang         |       |    11 ||    11
 Cast: Beastly Appendage |     4 |    16 ||    20
 Stab: Sleeping          |     1 |       ||     1
Armor: Robe              |     8 |     7 ||    15
Dodge: Dodged            |    40 |    55 ||    95
Block: Other             |    18 |    26 ||    44

Table legend:
 A = Non-vault XP
 B = Vault XP
 C = Vault XP percentage of total XP
 D = Non-vault monster count
 E = Vault monster count
 F = Vault count percentage of total count
                 A         B        C        D         E       F
            +---------+---------+-------+---------+---------+-------
      Total |     338 |       0 |   0.0 |      71 |       0 |   0.0
            +---------+---------+-------+---------+---------+-------
        D:1 |      26 |       0 |   0.0 |      14 |       0 |   0.0
        D:2 |      64 |       0 |   0.0 |      18 |       0 |   0.0
        D:3 |     104 |       0 |   0.0 |      29 |       0 |   0.0
        D:4 |     144 |       0 |   0.0 |      10 |       0 |   0.0
            +---------+---------+-------+---------+---------+-------
